 Dungeon Crawl Stone Soup version 0.25.1-2-g60ff931df9 (webtiles) character file.

Game seed: 2358383209930589297

447 Delamore the Cudgeler (level 7, 0/44 HPs)
             Began as a Gargoyle Fighter on Oct 1, 2020.
             Slain by a gnoll (6 damage)
             ... on level 4 of the Dungeon.
             The game lasted 00:03:01 (3699 turns).

Delamore the Cudgeler (Gargoyle Fighter)            Turns: 3699, Time: 00:03:02

Health: 0/44       AC: 12    Str: 22    XL:     7   Next: 3%
Magic:  7/7        EV:  7    Int:  8    God:
Gold:   141        SH: 10    Dex:  9    Spells: 6/6 levels left

rFire    . . .     SeeInvis .   a - +0 flail
rCold    . . .     Gourm    .   c - +0 kite shield
rNeg     + . .     Faith    .   b - +0 scale mail
rPois    ∞         Spirit   .   i - +0 helmet
rElec    +         Reflect  .   (no cloak)
rCorr    .         Harm     .   (no gloves)
MR       .....                  (no boots)
Stlth    ..........             (no amulet)
HPRegen  0.14/turn              (no ring)
MPRegen  0.10/turn              (no ring)

@: no status effects
A: negative energy resistance 1, electricity resistance, unbreathing,
petrification resistance, rot immunity, AC +4
a: no special abilities


You were on level 4 of the Dungeon.
You were hungry.

You visited 1 branch of the dungeon, and saw 4 of its levels.

You collected 141 gold pieces.

Inventory:

Hand Weapons
 a - a +0 flail (weapon)
Armour
 b - a +0 scale mail (worn)
 c - a +0 kite shield (worn)
 i - a +0 helmet (worn)
Wands
 p - a wand of disintegration (11)
 t - a wand of acid (9)
Scrolls
 g - a scroll of immolation
 j - a scroll of teleportation {unknown}
 l - 2 scrolls of blinking {unknown}
 n - a scroll of remove curse {unknown}
 o - 4 scrolls of identify {unknown}
 u - a scroll of fear {unknown}
 v - a scroll of random uselessness {unknown}
Potions
 d - 2 potions of might
 e - 2 potions of ambrosia {unknown}
 h - 4 potions of lignification {unknown}
 k - a potion of haste {unknown}
 m - a potion of flight {unknown}
 r - a potion of brilliance {unknown}
Comestibles
 f - 5 rations
 q - 3 chunks of flesh


   Skills:
 - Level 5.0 Fighting
 + Level 5.4 Maces & Flails
 - Level 3.2 Armour
 - Level 5.0 Shields


You had 6 spell levels left.
You didn't know any spells.
Your spell library was empty.

Dungeon Overview and Level Annotations

Branches:
Dungeon (4/15)
 Temple: D:4-7

Altars:
Ashenzari
Nemelex Xobeh

Annotations:
D:4 1 runed translucent door, tensugalgo's ghost, amateur OgMo


Innate Abilities, Weirdness & Mutations

You are resistant to torment.
Your stone body is resilient. (AC +4)
You are immune to poison.
You resist negative energy. (rN+)
You are resistant to electric shocks. (rElec)
You can survive without breathing.
You are immune to petrification.
You are immune to rotting.


Message History

You throw a curare-tipped dart. The curare-tipped dart hits the gnoll.
The gnoll is poisoned.
The gnoll convulses.
You kill the gnoll!
You have reached level 7!
Throwing (i - inventory)
s - a curare-tipped dart (quivered)
Press: ? - help, Shift-Dir - straight line, f - gnoll
Aim: a gnoll, wielding a -1 whip You throw a curare-tipped dart.
The curare-tipped dart hits the gnoll.
The gnoll is poisoned.
The gnoll convulses.
The gnoll seems to slow down.
The gnoll is moderately wounded.
You barely miss the gnoll.
The gnoll is severely wounded.
You block the gnoll's attack.
Your shield and scale mail prevent you from hitting the gnoll.
The gnoll is almost dead.
You kill the gnoll!
You hit the gnoll but do no damage. The gnoll hits you but does no damage.
You completely miss the gnoll. The gnoll hits you but does no damage.
You barely miss the gnoll. The gnoll hits you.
You die...

# #g# #.#
#g# #.###
#!..# ###.#
#g# #.#
####### #g#
#..g@.# #.#
#(###.# #.#
#.# .#
#.#######.#
.#
#..g.g..g.#
..
###########
##


You could see a gnoll.

Vanquished Creatures
  A water moccasin (D:3)
  An orc priest (D:3)
  A bullfrog skeleton (D:4)
  A worker ant (D:4)
  Ijyb (D:3)
  A howler monkey zombie (D:3)
  4 adders
  7 gnolls
  3 oozes (D:3)
  3 worms
  7 dart slugs
  4 leopard geckos
  6 orcs
  3 ball pythons
  3 giant cockroaches
  8 goblins
  7 hobgoblins
  2 jackals (D:3)
  8 kobolds
  A quokka (D:2)
  7 bats
  3 frilled lizards (D:1)
  9 rats
91 creatures vanquished.

Notes
Turn   | Place    | Note
-------+----------+-------------------------------------------
     0 | D:1      | Delamore the Gargoyle Fighter began the quest for the Orb.
     0 | D:1      | Reached XP level 1. HP: 14/14 MP: 1/1
    52 | D:1      | Reached XP level 2. HP: 18/19 MP: 2/2
   307 | D:1      | Reached XP level 3. HP: 22/24 MP: 3/3
   687 | D:2      | Found a sparkling altar of Nemelex Xobeh.
   905 | D:2      | Reached XP level 4. HP: 29/29 MP: 4/4
  1708 | D:3      | Noticed a water moccasin
  1719 | D:3      | Killed a water moccasin
  1719 | D:3      | Reached XP level 5. HP: 25/34 MP: 5/5
  1934 | D:3      | Noticed Ijyb
  1943 | D:3      | Killed Ijyb
  1943 | D:3      | Reached XP level 6. HP: 40/40 MP: 6/6
  1950 | D:3      | Reached skill level 5 in Fighting
  2044 | D:3      | Reached skill level 5 in Shields
  2052 | D:3      | HP: 1/40 [orc/+0 club (2)]
  2735 | D:3      | Found a shattered altar of Ashenzari.
  3397 | D:4      | Reached skill level 5 in Maces & Flails
  3509 | D:4      | Found a runed translucent door.
  3509 | D:4      | Noticed tensugalgo's ghost (amateur OgMo)
  3666 | D:4      | HP: 1/40 [gnoll/+0 halberd (6)]
  3690 | D:4      | Reached XP level 7. HP: 5/44 MP: 7/7
  3699 | D:4      | Slain by a gnoll

Illustrated notes

Levels and vault maps discovered:
D:1:      dpeg_arrival_ratfight, layout_rooms
D:2:      layout_basic, nemelex_xobeh_ov_fountains_minmay
D:3:      layout_loops_corners, ashenzari_altar_1, uniq_ijyb
D:4:      layout_basic, lightli_temple_of_fire, ebering_ghost_inner_flame,
          chequers_serial_rivers_small_3

Skill      XL: |  1  2  3  4  5  6 |
---------------+-------------------+-----
Fighting       | 4 5 |  5.0
Shields        | 4 5 |  5.0
Maces & Flails | 3 5 |  5.4
Armour         | |  3.2

Action                   |  1- 3 |  4- 6 |  7- 9 || total
-------------------------+-------+-------+-------++-------
Melee: Flail             |   122 |   271 |     5 ||   398
Throw: Dart              |       |     1 |     1 ||     2
  Eat: Chunk             |       |     9 |       ||     9
Armor: Scale mail        |    78 |   132 |     2 ||   212
Dodge: Dodged            |    46 |    87 |       ||   133
Block: Kite shield       |    72 |   154 |     1 ||   227
